 Dungeon Crawl Stone Soup version 0.19-a0-1861-g35def1e (webtiles) character file.

115 Naow the Magician (level 4, -1/24 HPs)
             Began as a Deep Elf Conjurer on Oct 12, 2016.
             Slain by Duvessa
             ... wielding a +0 vampiric short sword
              (5 damage)
             ... on level 4 of the Dungeon.
             The game lasted 00:03:51 (2236 turns).

Naow the Magician (Deep Elf Conjurer)               Turns: 2236, Time: 00:03:52

Health: -1/24      AC:  4    Str:  5    XL:     4   Next: 68%
Magic:  1/13       EV: 13    Int: 21    God:
Gold:   179        SH:  0    Dex: 15    Spells: 1 memorised, 13 levels left

rFire  . . .     SeeInvis .     (no weapon)
rCold  . . .     Gourm    .     a - +0 robe
rNeg   . . .     Faith    .     (no shield)
rPois  .         Spirit   .     (no helmet)
rElec  .         Dismiss  .     v - +0 cloak
rCorr  .         Reflect  .     w - +0 pair of gloves
MR     .....     Harm     .     (no boots)
Stlth  ++........               (no amulet)
                                (no ring)
                                (no ring)

@: very slightly contaminated
A: no striking features
a: no special abilities


You were on level 4 of the Dungeon.
You were not hungry.

You visited 1 branch of the dungeon, and saw 4 of its levels.

You collected 179 gold pieces.

Inventory:

Armour
 a - a +0 robe (worn)
 v - a +0 cloak (worn)
 w - a +0 pair of gloves (worn)
Scrolls
 d - 6 scrolls of remove curse {unknown}
 e - a scroll of fear {unknown}
 h - 3 scrolls of identify {unknown}
 j - 2 scrolls of random uselessness {unknown}
 n - a scroll of enchant armour {unknown}
 o - 2 scrolls of blinking {unknown}
 q - a scroll of fog {unknown}
 u - a scroll of magic mapping {unknown}
Potions
 i - a potion of heal wounds {unknown}
 k - 4 potions of curing {unknown}
 l - a potion of cancellation {unknown}
 m - a potion of might {unknown}
 p - a potion of ambrosia {unknown}
 r - a potion of agility {unknown}
 t - a potion of flight {unknown}
Books
 b - a book of Conjurations

   Spells                             Type                      Level
   a - Magic Dart                     Conjuration                  1
   b - Searing Ray                    Conjuration                  2
   c - Dazzling Spray                 Conjuration/Hexes            3
   d - Fulminant Prism                Conjuration/Hexes            4
   e - Iskenderun's Mystic Blast      Conjuration                  4
   f - Iskenderun's Battlesphere      Conjuration/Charms           5
Comestibles
 c - 5 bread rations
 f - 11 fruits
 g - a chunk of flesh
 s - a slice of pizza


   Skills:
 - Level 2.7 Dodging
 - Level 2.7 Stealth
 - Level 0.1 Unarmed Combat
 + Level 5.5 Spellcasting
 - Level 5.1 Conjurations


You had 13 spell levels left.
You knew the following spells:

 Your Spells              Type           Power        Failure   Level  Hunger
a - Magic Dart            Conj           ####         1%          1    None


Dungeon Overview and Level Annotations

Branches:
Dungeon (4/15)
 Temple: D:4-7

Altars:

Annotations:
D:4 Dowan, Duvessa


Message History

Casting: Magic Dart
Confirm with . or Enter, or press ? or * to list all spells.
Aiming: Magic Dart
Press: ? - help, Shift-Dir - straight line, f/p - Duvessa
Aim: Duvessa, wielding a vampiric short sword (heavily wounded)
The magic dart hits Duvessa.
Duvessa is severely wounded.
Duvessa hits you but does no damage.
Casting: Magic Dart
Confirm with . or Enter, or press ? or * to list all spells.
You don't have enough magic to cast that spell.
Duvessa hits you with a vampiric short sword!
* * * LOW HITPOINT WARNING * * *
Dowan says, "My weaknesses are her strengths!"
Duvessa hits you with a vampiric short sword.
* * * LOW HITPOINT WARNING * * *
Duvessa draws strength from your wounds!
Dowan misses you.
Duvessa hits you with a vampiric short sword.
You die...

################
#.......##.....#
######...[...##e....#
.....'.......^.e@...+
######..............#
#....%.........#
#......$########
#.......#
########...... e.....
..... #+##


You could see Duvessa and Dowan.

Vanquished Creatures
  A hound skeleton (D:4)
  2 adders (D:2)
  2 oozes
  4 worms
  A dart slug (D:1)
  2 leopard geckos
  3 orcs (D:3)
  6 giant cockroaches
  5 goblins
  3 hobgoblins
  7 jackals
  A quokka (D:2)
  A ball python (D:3)
  5 bats (D:1)
  5 frilled lizards
  2 kobolds
  5 rats
55 creatures vanquished.

Notes
Turn   | Place    | Note
-------+----------+-------------------------------------------
     0 | D:1      | Naow the Deep Elf Conjurer began the quest for the Orb.
     0 | D:1      | Reached XP level 1. HP: 10/10 MP: 6/6
   170 | D:1      | Reached XP level 2. HP: 10/15 MP: 6/8
   252 | D:1      | Reached skill level 5 in Conjurations
   629 | D:1      | Reached XP level 3. HP: 19/19 MP: 7/9
  1393 | D:3      | Reached XP level 4. HP: 24/24 MP: 1/12
  1716 | D:3      | Reached skill level 5 in Spellcasting
  2185 | D:4      | Noticed Duvessa
  2185 | D:4      | Noticed Dowan
  2236 | D:4      | Slain by Duvessa

Vault maps used:
D:1:      dpeg_arrival_solitude, st_stairs_11
D:2:      first_bread
D:4:      uniq_sigmund, uniq_crazy_yiuf_cottage, uniq_duvessa

Skill      XL: |  1  2  3  4 |
---------------+-------------+-----
Conjurations   | 5 |  5.1
Spellcasting   | 4 5 |  5.5
Dodging        | |  2.7
Stealth        | |  2.7
Unarmed Combat | |  0.1

Action                   |  1- 3 |  4- 6 || total
-------------------------+-------+-------++-------
Melee: Unarmed           |     9 |       ||     9
 Cast: Magic Dart        |    79 |    52 ||   131
  Eat: Chunk             |     1 |     3 ||     4
Armor: Robe              |       |     2 ||     2
Dodge: Dodged            |     8 |     8 ||    16
